[ PARTIDA AOE2 · #506220104 ]
UnrankedSicilianos vs Britons
Equipo del jugador · VICT
Equipo rival · DERR
[ ANÁLISIS DE REPETICIÓN · EXTRAÍDO DE LA PARTIDA GRABADA ]
Feudal
31:34
Castillos
36:19
Imperial
—
| APM promedio | 32.7 |
| APM pico | 60 |
| eAPM promedio | 19.2 |
| Aldeanos / militares | 85 / 3 |
Foco
⚔️ 24.9% · 🌾 75.1%
Mangonel ×2 · Battering Ram ×1
Feudal
9:46
Castillos
—
Imperial
—
| APM promedio | 31.4 |
| APM pico | 89 |
| eAPM promedio | 15.5 |
| Aldeanos / militares | 97 / 19 |
Foco
⚔️ 14.3% · 🌾 85.7%
Archer ×19
Mapa de la partida
Recursos iniciales + cada clic de construcción. Líneas = muros · curvas = relieve. ◆ oro · ⬟ piedra · ● bayas · ✦ reliquia · ◌ hueco del cierre
Tu base· ✓ Cerrada en 36:19 · 0t muro · 2 puerta(s)
Base de Pointgiven· ✓ Cerrada en 39:24 · 0t muro · 2 puerta(s)
Terreno inicial suavizado · ◌ = hueco del cierre detectado · pasá el cursor para detalles
Inputs por minuto
— Liberty - - Pointgiven
Build order — Liberty
Primeras 150 de 165 acciones detectadas
| 0:00 | Crear | Villager (Male) |
| 0:02 | Construir | House |
| 0:03 | Construir | House |
| 0:07 | Crear | Villager (Male) |
| 0:07 | Crear | Villager (Male) |
| 0:07 | Crear | Villager (Male) |
| 1:34 | Crear | Villager (Male) |
| 1:35 | Crear | Villager (Male) |
| 2:02 | Crear | Villager (Male) |
| 2:22 | Construir | Lumber Camp |
| 2:23 | Crear | Villager (Male) |
| 2:23 | Crear | Villager (Male) |
| 2:31 | Construir | House |
| 2:32 | Construir | House |
| 3:02 | Crear | Villager (Male) |
| 3:02 | Crear | Villager (Male) |
| 3:02 | Crear | Villager (Male) |
| 3:02 | Crear | Villager (Male) |
| 3:57 | Crear | Villager (Male) |
| 3:57 | Crear | Villager (Male) |
| 3:57 | Crear | Villager (Male) |
| 4:17 | Crear | Villager (Male) |
| 4:42 | Crear | Villager (Male) |
| 4:42 | Crear | Villager (Male) |
| 5:31 | Investigar | Loom |
| 5:32 | Crear | Villager (Male) |
| 5:32 | Crear | Villager (Male) |
| 5:32 | Crear | Villager (Male) |
| 5:33 | Crear | Villager (Male) |
| 7:02 | Crear | Villager (Male) |
| 7:02 | Crear | Villager (Male) |
| 8:01 | Crear | Villager (Male) |
| 8:01 | Crear | Villager (Male) |
| 8:38 | Construir | Town Center |
| 9:08 | Crear | Villager (Male) |
| 9:36 | Construir | Mill |
| 11:30 | Construir | Town Center |
| 11:59 | Crear | Villager (Male) |
| 11:59 | Crear | Villager (Male) |
| 12:01 | Crear | Villager (Male) |
| 12:06 | Crear | Villager (Male) |
| 12:23 | Crear | Villager (Male) |
| 12:23 | Crear | Villager (Male) |
| 12:40 | Construir | House |
| 12:48 | Crear | Villager (Male) |
| 13:24 | Crear | Villager (Male) |
| 13:59 | Crear | Villager (Male) |
| 15:45 | Construir | Town Center |
| 16:14 | Crear | Villager (Male) |
| 16:18 | Crear | Villager (Male) |
| 16:24 | Crear | Villager (Male) |
| 16:25 | Crear | Villager (Male) |
| 16:26 | Crear | Villager (Male) |
| 16:26 | Crear | Villager (Male) |
| 16:26 | Crear | Villager (Male) |
| 16:51 | Crear | Villager (Male) |
| 16:51 | Crear | Villager (Male) |
| 17:04 | Crear | Villager (Male) |
| 17:31 | Crear | Villager (Male) |
| 18:13 | Construir | House |
| 19:40 | Crear | Villager (Male) |
| 20:49 | Crear | Villager (Male) |
| 20:49 | Crear | Villager (Male) |
| 20:55 | Crear | Villager (Male) |
| 23:12 | Construir | Mining Camp |
| 23:13 | Crear | Villager (Male) |
| 23:27 | Construir | Farm |
| 23:27 | Construir | Farm |
| 23:27 | Construir | Farm |
| 23:27 | Construir | Farm |
| 23:27 | Construir | Farm |
| 23:28 | Construir | Farm |
| 23:35 | Construir | Farm |
| 24:02 | Crear | Villager (Male) |
| 24:08 | Construir | House |
| 24:09 | Construir | House |
| 24:09 | Construir | House |
| 24:12 | Crear | Villager (Male) |
| 24:34 | Crear | Villager (Male) |
| 25:04 | Crear | Villager (Male) |
| 25:27 | Construir | Lumber Camp |
| 25:33 | Construir | Town Center |
| 25:57 | Crear | Villager (Male) |
| 26:31 | Construir | Donjon |
| 26:35 | Crear | Villager (Male) |
| 27:26 | Construir | Mill |
| 27:33 | Construir | Farm |
| 27:33 | Construir | Farm |
| 27:33 | Construir | Farm |
| 27:33 | Construir | Farm |
| 27:34 | Crear | Villager (Male) |
| 27:53 | Construir | Farm |
| 28:10 | Crear | Villager (Male) |
| 28:47 | Crear | Villager (Male) |
| 28:55 | Construir | Farm |
| 29:00 | Construir | Farm |
| 29:20 | Construir | Farm |
| 29:21 | Crear | Villager (Male) |
| 29:24 | Investigar | Feudal Age |
| 29:28 | Construir | Mining Camp |
| 29:41 | Construir | Farm |
| 29:42 | Construir | Farm |
| 29:42 | Construir | Farm |
| 29:42 | Construir | Farm |
| 29:43 | Construir | Farm |
| 30:42 | Crear | Villager (Male) |
| 31:17 | Construir | Lumber Camp |
| 31:34 | Edad | Edad Feudal |
| 31:36 | Construir | Mining Camp |
| 31:43 | Investigar | Double-Bit Axe |
| 31:44 | Investigar | Horse Collar |
| 31:53 | Construir | Blacksmith |
| 32:17 | Construir | Market |
| 32:22 | Crear | Villager (Male) |
| 32:24 | Crear | Villager (Male) |
| 32:48 | Construir | Farm |
| 33:10 | Construir | Lumber Camp |
| 33:25 | Construir | House |
| 33:27 | Construir | House |
| 33:27 | Construir | House |
| 33:28 | Construir | House |
| 33:28 | Construir | House |
| 33:29 | Construir | House |
| 33:29 | Construir | House |
| 33:29 | Construir | House |
| 33:30 | Construir | House |
| 33:35 | Crear | Villager (Male) |
| 33:38 | Investigar | Castle Age |
| 34:06 | Investigar | Gold Mining |
| 34:46 | Investigar | Stone Mining |
| 36:00 | Construir | House |
| 36:07 | Construir | House |
| 36:11 | Construir | House |
| 36:19 | Edad | Edad de los Castillos |
| 36:24 | Construir | Siege Workshop |
| 36:28 | Crear | Villager (Male) |
| 36:30 | Investigar | Bow Saw |
| 36:32 | Investigar | Gold Shaft Mining |
| 36:36 | Investigar | Heavy Plow |
| 36:40 | Investigar | Fletching |
| 36:47 | Crear | Villager (Male) |
| 36:49 | Crear | Villager (Male) |
| 37:27 | Construir | Town Center |
| 37:30 | Crear | Villager (Male) |
| 37:33 | Crear | Villager (Male) |
| 37:41 | Crear | Mangonel |
| 37:48 | Crear | Battering Ram |
| 37:50 | Crear | Villager (Male) |
| 37:55 | Crear | Villager (Male) |
| 38:03 | Crear | Villager (Male) |
Build order — Pointgiven
Primeras 150 de 172 acciones detectadas
| 0:01 | Crear | Villager (Male) |
| 0:01 | Crear | Villager (Male) |
| 0:02 | Crear | Villager (Male) |
| 0:02 | Construir | House |
| 0:04 | Construir | House |
| 0:11 | Crear | Villager (Male) |
| 0:11 | Crear | Villager (Male) |
| 1:18 | Crear | Villager (Male) |
| 1:18 | Crear | Villager (Male) |
| 2:00 | Crear | Villager (Male) |
| 2:00 | Crear | Villager (Male) |
| 2:21 | Construir | Lumber Camp |
| 2:21 | Crear | Villager (Male) |
| 2:21 | Crear | Villager (Male) |
| 2:22 | Crear | Villager (Male) |
| 2:41 | Crear | Villager (Male) |
| 2:42 | Crear | Villager (Male) |
| 3:04 | Construir | House |
| 3:48 | Crear | Villager (Male) |
| 3:48 | Crear | Villager (Male) |
| 3:48 | Crear | Villager (Male) |
| 3:49 | Crear | Villager (Male) |
| 4:13 | Construir | Mill |
| 4:30 | Crear | Villager (Male) |
| 4:30 | Crear | Villager (Male) |
| 4:30 | Crear | Villager (Male) |
| 4:30 | Crear | Villager (Male) |
| 4:56 | Crear | Villager (Male) |
| 4:56 | Crear | Villager (Male) |
| 5:44 | Construir | House |
| 5:47 | Crear | Villager (Male) |
| 5:47 | Crear | Villager (Male) |
| 5:48 | Crear | Villager (Male) |
| 6:13 | Crear | Villager (Male) |
| 6:13 | Crear | Villager (Male) |
| 6:13 | Crear | Villager (Male) |
| 6:14 | Crear | Villager (Male) |
| 6:18 | Crear | Villager (Male) |
| 6:18 | Crear | Villager (Male) |
| 6:18 | Crear | Villager (Male) |
| 6:24 | Construir | House |
| 6:47 | Crear | Villager (Male) |
| 7:13 | Construir | Mining Camp |
| 7:36 | Investigar | Feudal Age |
| 7:36 | Investigar | Feudal Age |
| 7:45 | Construir | Palisade Gate |
| 7:53 | Construir | House |
| 7:56 | Construir | House |
| 8:32 | Construir | House |
| 8:34 | Construir | House |
| 8:42 | Construir | House |
| 9:09 | Investigar | Loom |
| 9:22 | Crear | Villager (Male) |
| 9:23 | Crear | Villager (Male) |
| 9:30 | Construir | House |
| 9:33 | Construir | House |
| 9:46 | Edad | Edad Feudal |
| 9:46 | Construir | House |
| 9:53 | Construir | Watch Tower |
| 10:00 | Construir | House |
| 10:10 | Construir | House |
| 10:17 | Crear | Villager (Male) |
| 10:29 | Construir | House |
| 10:38 | Construir | House |
| 10:43 | Construir | House |
| 11:03 | Crear | Villager (Male) |
| 11:03 | Crear | Villager (Male) |
| 11:11 | Construir | Watch Tower |
| 11:16 | Crear | Villager (Male) |
| 11:17 | Crear | Villager (Male) |
| 11:20 | Construir | House |
| 11:26 | Construir | House |
| 11:56 | Crear | Villager (Male) |
| 11:56 | Crear | Villager (Male) |
| 12:23 | Construir | Gate |
| 12:34 | Crear | Villager (Male) |
| 12:41 | Construir | Watch Tower |
| 13:39 | Crear | Villager (Male) |
| 13:52 | Crear | Villager (Male) |
| 13:52 | Crear | Villager (Male) |
| 13:53 | Crear | Villager (Male) |
| 14:22 | Construir | House |
| 14:35 | Construir | Watch Tower |
| 14:41 | Construir | House |
| 17:10 | Construir | Lumber Camp |
| 18:28 | Crear | Villager (Male) |
| 18:28 | Crear | Villager (Male) |
| 18:29 | Crear | Villager (Male) |
| 18:29 | Crear | Villager (Male) |
| 20:32 | Construir | House |
| 21:27 | Construir | Watch Tower |
| 21:33 | Construir | House |
| 23:52 | Construir | Lumber Camp |
| 24:11 | Construir | Mining Camp |
| 25:47 | Construir | Lumber Camp |
| 26:20 | Construir | Town Center |
| 28:49 | Crear | Villager (Male) |
| 28:49 | Crear | Villager (Male) |
| 28:50 | Crear | Villager (Male) |
| 29:09 | Crear | Villager (Male) |
| 29:09 | Crear | Villager (Male) |
| 29:09 | Crear | Villager (Male) |
| 29:27 | Construir | Barracks |
| 29:44 | Crear | Villager (Male) |
| 29:44 | Crear | Villager (Male) |
| 30:30 | Construir | Mining Camp |
| 30:31 | Crear | Villager (Male) |
| 30:31 | Crear | Villager (Male) |
| 30:46 | Crear | Villager (Male) |
| 30:46 | Crear | Villager (Male) |
| 30:47 | Crear | Villager (Male) |
| 31:11 | Construir | House |
| 31:16 | Crear | Villager (Male) |
| 31:16 | Crear | Villager (Male) |
| 31:16 | Crear | Villager (Male) |
| 31:24 | Crear | Villager (Male) |
| 31:24 | Crear | Villager (Male) |
| 31:34 | Construir | House |
| 31:35 | Construir | House |
| 32:06 | Crear | Villager (Male) |
| 32:06 | Crear | Villager (Male) |
| 32:06 | Crear | Villager (Male) |
| 32:47 | Construir | Archery Range |
| 32:49 | Crear | Villager (Male) |
| 32:49 | Crear | Villager (Male) |
| 32:49 | Crear | Villager (Male) |
| 32:50 | Crear | Villager (Male) |
| 33:33 | Construir | House |
| 33:44 | Crear | Villager (Male) |
| 33:53 | Crear | Archer ×5 |
| 33:53 | Crear | Archer ×5 |
| 33:54 | Crear | Archer ×5 |
| 33:54 | Crear | Archer ×2 |
| 33:59 | Crear | Villager (Male) |
| 33:59 | Crear | Villager (Male) |
| 34:02 | Crear | Villager (Male) |
| 34:02 | Crear | Villager (Male) |
| 34:03 | Crear | Villager (Male) |
| 34:06 | Construir | House |
| 34:42 | Construir | Farm |
| 34:46 | Construir | Farm |
| 34:51 | Crear | Villager (Male) |
| 34:51 | Crear | Villager (Male) |
| 34:52 | Crear | Villager (Male) |
| 35:04 | Construir | Market |
| 35:29 | Construir | Blacksmith |
| 35:48 | Crear | Villager (Male) |
| 35:49 | Crear | Villager (Male) |
| 35:58 | Crear | Villager (Male) |
| 36:05 | Crear | Archer |
Cronología de la partida
| 9:46 | Pointgiven · age_up feudal |
| 26:31 | Liberty · first_building Donjon |
| 29:27 | Pointgiven · first_building Barracks |
| 31:34 | Liberty · age_up feudal |
| 32:47 | Pointgiven · first_building Archery Range |
| 35:55 | Pointgiven · first_market_buy 500 food |
| 36:19 | Liberty · age_up castle |
| 36:24 | Liberty · first_building Siege Workshop |
| 38:16 | Pointgiven · first_market_sell 500 stone |
| 38:21 | Liberty · first_building Monastery |
| 40:08 | Pointgiven · first_building Stable |
| 41:36 | Liberty · first_building Castle |
| 41:52 | Pointgiven · resign |
[ ANÁLISIS IA · 1 CRÉDITO ]
¿Qué pasó realmente en esta partida?
Wolo.gg analiza cada decisión: build order, eco, micro, errores típicos por bracket. Análisis personalizado por WhatsApp o Discord en 30 segundos.
Guía civ
Sicilianos
Perfil
Jugador #6175977